 Dungeon Crawl Stone Soup version 0.17-a0-1850-g688e747 (webtiles) character file.

44 esc the Skirmisher (level 3, 0/20 HPs)
             Began as a Vine Stalker Berserker on Sept 19, 2015.
             Was a Believer of Trog.
             Slain by an adder (2 damage)
             ... on level 2 of the Dungeon.
             The game lasted 00:03:09 (980 turns).

esc the Skirmisher (Vine Stalker Berserker)          Turns: 980, Time: 00:03:10

Health: 0/20       AC:  1    Str: 19      XL:     3   Next: 62%
Magic:  0/6        EV: 12    Int:  6 (7)  God:    Trog [**....]
Gold:   56         SH:  0    Dex: 14      Spells: 0 memorised, 4 levels left

rFire  . . .     SeeInvis .     o - +0 rapier
rCold  . . .     Clarity  .     b - +0 animal skin
rNeg   . . .     SustAt   +     (no shield)
rPois  .         Gourm    .     (no helmet)
rElec  .         Spirit   +     g - +0 cloak
rCorr  .         Warding  .     (no gloves)
rMut   .         Stasis   .     (no boots)
MR     .....                    (no amulet)
Stlth  ++........               i - -2 ring of protection (curse)
                                h - ring of sustain attributes

@: lethally poisoned (0 -> -4), not resistant to hostile enchantments,
unstealthy
A: fangs 2, regeneration 1, magic shield, antimagic bite, no device heal 3, rot
immunity
a: Burn Spellbooks, Berserk, Trog's Hand, Renounce Religion


You were on level 2 of the Dungeon.
You worshipped Trog.
Trog was pleased with you.
You were not hungry.

You visited 1 branch of the dungeon, and saw 2 of its levels.

You collected 56 gold pieces.

Inventory:

Hand weapons
 a - a +0 short sword
 o - a +0 rapier (weapon)
   (You found it on level 2 of the Dungeon)
Missiles
 d - 8 needles of slowing
Armour
 b - a +0 animal skin (worn)
 g - a +0 cloak (worn)
   (You found it on level 1 of the Dungeon)
Jewellery
 h - a ring of sustain attributes (left hand)
   (You found it on level 1 of the Dungeon)
 i - a cursed -2 ring of protection (right hand)
   (You found it on level 1 of the Dungeon)
Potions
 e - a potion of haste {unknown}
 k - a potion of flight {unknown}
 l - a potion of curing {unknown}
 m - a potion of ambrosia {unknown}
 n - a potion of invisibility {unknown}
Comestibles
 c - a bread ration {@e1}
 f - 13 chunks of flesh {@w0}


   Skills:
 + Level 3.2 Fighting
 - Level 2.6 Short Blades
 - Level 1.5 Armour
 - Level 1.7 Dodging
 + Level 2.1 Stealth
 + Level 1.4 Spellcasting


You had 4 spell levels left.
You didn't know any spells.

Dungeon Overview and Level Annotations

Branches:
Dungeon (2/15)

Altars:


Innate Abilities, Weirdness & Mutations

You have extremely sharp teeth.
Your natural rate of healing is unusually fast.
When hurt, damage is shared between your health and your magic reserves.
Your bite disrupts and absorbs the magic of your enemies.
Potions and wands cannot restore your health.
You are immune to rotting.


Message History

The worm bites you.
You take 1 damage, and have 14/20 hp.
MP restored: 5 You hit the worm.
You bite the worm. You drain its power. You hit the worm.
You kill the worm!
Trog accepts your kill.
You can now regenerate and be protected from hostile enchantments.
You see here a worm corpse.
You butcher the worm corpse.
f - 11 chunks of flesh {@w0} (gained 2)
You see here 13 stones.
n - a glowing brown potion You regained 3 hp, and now have 18/20 hp.
A kobold comes into view.
Health restored: 20 A hobgoblin comes into view.
Found a stone staircase leading up.
The hobgoblin shouts!
A kobold comes into view.
The kobold shouts!
You hit the hobgoblin.
You kill the hobgoblin!
Trog accepts your kill.
Trog doesn't appreciate your training magic!
You feel a little guilty.
You closely miss the kobold. Your bite misses the kobold.
The kobold misses you.
You hit the kobold.
You kill the kobold!
Trog accepts your kill. The kobold misses you.
You barely miss the kobold. You bite the kobold, but do no damage.
The kobold hits you.
Your magical contamination has completely faded away.
You take 2 damage, and have 18/20 hp.
You hit the kobold but do no damage. You bite the kobold. You drain its power.
You feel invigorated. The kobold closely misses you.
MP restored: 6 You barely miss the kobold.
You bite the kobold, but do no damage. The kobold hits you.
You take 3 damage, and have 15/20 hp.
You now have 5/6 mp.
You hit the kobold.
You kill the kobold!
Trog accepts your kill.
No target in view!
You see here a rapier.
o - a rapier Wield which item (- for none, * to show all)? (? for menu, Esc to quit)
o - a +0 rapier (weapon)
MP restored: 6
Things that are here:
4 stones; a kobold corpse You see here a hobgoblin corpse.
You butcher the hobgoblin corpse.
f - 13 chunks of flesh {@w0} (gained 2)
You see here a hobgoblin skeleton.
Things that are here:
4 stones; a kobold corpse An adder comes into view.
Health restored: 20 The adder bites you.
You are poisoned.
The adder poisons you!
You take 2 damage, and have 18/20 hp.
You now have 5/6 mp.
You hit the adder but do no damage. Your bite misses the adder.
You feel sick. The adder closely misses you.
You take 1 damage, and have 17/20 hp.
You hit the adder. The adder bites you. The adder bites you.
You take 5 damage, and have 12/20 hp.
MASSIVE DAMAGE!!
You now have 3/6 mp.
You miss the adder. Your bite misses the adder.
You feel sick. The adder bites you.
You take 1 damage, and have 11/20 hp.
You now have 2/6 mp.
You barely miss the adder. Your bite misses the adder.
The adder barely misses you.
You hit the adder.
You feel sick. The adder bites you. The adder bites you.
You are more poisoned.
The adder poisons you!
You take 4 damage, and have 8/20 hp.
You now have 1/6 mp.
You closely miss the adder. The adder completely misses you.
You completely miss the adder. You bite the adder, but do no damage.
You feel sick. The adder bites you.
* * * LOW HITPOINT WARNING * * *
The adder bites you.
* * * LOW HITPOINT WARNING * * *
You are lethally poisoned!
The adder poisons you!
You take 5 damage, and have 3/20 hp.
MASSIVE DAMAGE!!
Drink which item? (? for menu, Esc to quit)
Okay, then.
Drink which item? (? for menu, Esc to quit)
It was a potion of degeneration.
There was something very wrong with that liquid.
You feel somewhat dopey.
* * * LOW HITPOINT WARNING * * *
You feel sick. The adder bites you.
You die...

.# #.# . ### .. .( ..##
# #.##... ...#
.######....... ...#
...##...#....
...##########.#..S......
.....>..........@..##
.....[###.###.......#.
...#....................
...#..................#.
.............##....####
..##.........##....#
####..........##..## #
#.>......(..#..#
#........รท#<.....


You could see an adder.

Vanquished Creatures
  An adder (D:2)
  A worm (D:2)
  5 goblins (D:1)
  10 hobgoblins
  3 bats (D:1)
  3 giant cockroaches (D:1)
  A giant newt (D:1)
  5 kobolds
  3 rats
32 creatures vanquished.

Notes
Turn   | Place    | Note
--------------------------------------------------------------
     0 | D:1      | esc the Vine Stalker Berserker began the quest for the Orb.
     0 | D:1      | Reached XP level 1. HP: 11/11 MP: 2/2
    61 | D:1      | HP: 1/11 [hobgoblin (3)]
   269 | D:1      | Reached skill level 1 in Stealth
   298 | D:1      | Reached XP level 2. HP: 7/16 MP: 3/3
   490 | D:1      | Reached skill level 3 in Fighting
   501 | D:1      | Reached skill level 1 in Spellcasting
   659 | D:1      | Reached XP level 3. HP: 13/20 MP: 3/5
   847 | D:2      | Reached skill level 2 in Stealth
   916 | D:2      | Acquired Trog's second power
   979 | D:2      | HP: 3/20 [adder (3)]
   980 | D:2      | Slain by an adder

Vault maps used:
D:1:      dpeg_arrival_round_a, minmay_misc_feat_ornament

Action                   || total
-------------------------++-------
Melee: Short sword       ||    88
       Rapier            ||     7
Invok: Berserk           ||     1
  Use: Scroll            ||     2
       Potion            ||     1
 Stab: Sleeping          ||     3
  Eat: Chunk             ||     1

Vault maps used:
D:1:      dpeg_arrival_round_a, minmay_misc_feat_ornament

Table legend:
 A = Turns spent in this place as a percentage of turns spent in the entire game.
 B = Non-inter-level travel turns spent in this place as a percentage of non-inter-level travel turns spent in the entire game.
 C = Inter-level travel turns spent in this place as a percentage of turns spent in this place.
 D = Turns resting spent in this place as a percentage of non-inter-level travel turns spent in this place.
 E = Turns spent auto-exploring this place as a percentage of non-inter-level travel turns spent in this place.
 F = Non-inter-level travel turns spent in this place divided by the number of levels of this place that you've seen.
                   A       B       C       D       E      F
               +-------+-------+-------+-------+-------+----------------------
         Total | 100.0 | 100.0 |   0.3 |   1.2 |   9.5 | 169.0
       Dungeon | 100.0 | 100.0 |   0.3 |   1.2 |   9.5 | 169.0
               +-------+-------+-------+-------+-------+----------------------

Table legend:
 A = Kills in this place as a percentage of kills in entire the game.
 B = Kills by you in this place as a percentage of kills by you in the entire game.
 C = Kills by friends in this place as a percentage of kills by friends in the entire game.
 D = Other kills in this place as a percentage of other kills in the entire game.
 E = Experience gained in this place as a percentage of experience gained in the entire game.
 F = Experience gained in this place divided by the number of levels of this place that you have seen.
                   A       B       C       D       E      F
               +-------+-------+-------+-------+-------+----------------------
         Total | 100.0 | 100.0 |  -nan |  -nan | 100.0 |  32.0
       Dungeon | 100.0 | 100.0 |  -nan |  -nan | 100.0 |  32.0
               +-------+-------+-------+-------+-------+----------------------
